 Dungeon Crawl Stone Soup version 0.26-a0-652-gafc20e3620 (webtiles) character file.

Game seed: 4969112668162752619

6 DoubleLucky the Caller (level 1, 0/10 HPs)
             Began as a Tengu Summoner on Oct 2, 2020.
             Killed from afar by a dart slug (6 damage)
             ... with a slug dart
             ... on level 1 of the Dungeon.
             The game lasted 00:02:10 (356 turns).

DoubleLucky the Caller (Tengu Summoner)              Turns: 356, Time: 00:02:10

Health: 0/10       AC:  2    Str:  8    XL:     1   Next: 90%
Magic:  3/4        EV: 12    Int: 15    God:
Gold:   1          SH:  0    Dex: 14    Spells: 3/4 levels left

rFire    . . .     SeeInvis .   (no weapon)
rCold    . . .     Faith    .   (no shield)
rNeg     . . .     Spirit   .   a - +0 robe
rPois    .         Reflect  .   (helmet restricted)
rElec    .         Harm     .   (no cloak)
rCorr    .         Rampage  .   (no gloves)
MR       .....                  (boots unavailable)
Stlth    ++........             (no amulet)
HPRegen  0.03/turn              (no ring)
MPRegen  0.09/turn              (no ring)

@: no status effects
A: beak, talons 3
a: no special abilities


You were on level 1 of the Dungeon.
You visited 1 branch of the dungeon, and saw 1 of its levels.

You collected 1 gold pieces.

Inventory:

Missiles
 b - 17 stones (quivered)
Armour
 a - a +0 robe (worn)
 d - a +0 scale mail
 g - a +0 leather armour
Scrolls
 c - a scroll of remove curse {unknown}
 e - a scroll of teleportation {unknown}
Potions
 f - a potion of curing {unknown}


   Skills:
 - Level 2.1 Dodging
 - Level 2.0 Stealth
 + Level 2.2 Spellcasting
 + Level 5.0 Summonings


You had 3 spell levels left.
You knew the following spells:

 Your Spells              Type           Power        Failure   Level
a - Summon Small Mammal   Summ           ###.         2%          1

Your spell library contained the following spells:

 Spells                   Type           Power        Failure   Level
 Call Imp                 Summ           ###.....     4%          2
 Call Canine Familiar     Summ           ###.....     9%          3
 Summon Guardian Golem    Hex/Summ       #.......     22%         3
 Summon Ice Beast         Ice/Summ       #.......     58%         4
 Summon Lightning Spire   Summ/Air       #.......     58%         4


Dungeon Overview and Level Annotations

Branches:
Dungeon (1/15)

Altars:


Innate Abilities, Weirdness & Mutations

You have a beak for a mouth.
You have claws for feet.


Message History

You don't have enough magic to cast that spell.
Your bat misses the hobgoblin.
Your magical contamination has completely faded away.
Found 11 gold pieces and a cyan potion.
A bat comes into view.
The hobgoblin closely misses your bat.
Your bat hits the hobgoblin.
Found a robe and a leather armour.
A leopard gecko comes into view.
You see here a leather armour.
g - a leather armour You swap places.
The hobgoblin barely misses you.
Your bat hits the hobgoblin but does no damage.
The hobgoblin hits you with a +0 club.
Your bat barely misses the hobgoblin.
Your bat hits the hobgoblin.
The hobgoblin dies!
Your bat disappears in a puff of smoke!
The dart slug launches a dart at you. The slug dart hits you.
Ouch! That really hurt!
You die...

...# ..... #g....$
... ...... #...... ..
... ..# #......
###...... ##........
##..#.##...
######w.##.# ###
#########..........#
.......@...........#
#########ยง.....[...#
#..........#
#.)........#
#..........#
########....# ....#
l...# ..


You could see a dart slug.

Vanquished Creatures
  A hobgoblin (D:1)
  2 rats (D:1)
3 creatures vanquished.

Vanquished Creatures (collateral kills)
  A ball python (D:1)
  A giant cockroach (D:1)
  2 hobgoblins (D:1)
  A rat (D:1)
5 creatures vanquished.

Grand Total: 8 creatures vanquished

Notes
Turn   | Place    | Note
-------+----------+-------------------------------------------
     0 | D:1      | DoubleLucky the Tengu Summoner began the quest for the Orb.
     0 | D:1      | Reached XP level 1. HP: 10/10 MP: 4/4
   116 | D:1      | Reached skill level 5 in Summonings
   356 | D:1      | Killed from afar by a dart slug

Illustrated notes

Levels and vault maps discovered:
D:1:      dpeg_arrival_long_road, layout_rooms

Skill      XL: |  1 |
---------------+----+-----
Summonings     | 5 |  5.0
Dodging        | |  2.1
Stealth        | |  2.0
Spellcasting   | |  2.2

Action                   || total
-------------------------++-------
Melee: Unarmed           ||     7
       Kick              ||     2
       Peck              ||     1
 Cast: Summon Small Mamm ||    11
 Stab: Distracted        ||     1
Armor: Robe              ||     2
Dodge: Dodged            ||     5

Table legend: (Time is in decaauts)
 A = Elapsed time spent in this place.
 B = Non-inter-level travel time spent in this place.
 C = Inter-level travel time spent in this place.
 D = Time resting spent in this place.
 E = Time spent auto-exploring this place.
 F = Levels seen in this place.
 G = Mean time per level.
                   A        B        C        D        E       F      G
               +--------+--------+--------+--------+--------+-----+--------+
         Total |    356 |    356 |      0 |    176 |     51 |   1 |  356.0 |
       Dungeon |    356 |    356 |      0 |    176 |     51 |   1 |  356.0 |
               +--------+--------+--------+--------+--------+-----+--------+

Top non-repeatable levels by time:
     D:1: 356 daAuts
